 Dungeon Crawl Stone Soup version 0.17-a0-18-gc25b939 (webtiles) character file.

100 Merido the Conjurer (level 4, -4/27 HPs)
             Began as a High Elf Conjurer on Mar 8, 2015.
             Slain by an orc
             ... wielding a +0 mace
              (8 damage)
             ... on level 3 of the Dungeon.
             The game lasted 00:20:55 (1886 turns).

Merido the Conjurer (High Elf Conjurer)             Turns: 1886, Time: 00:20:55

Health: -4/27      AC:  4    Str:  7    XL:     4   Next: 47%
Magic:  3/12       EV: 13    Int: 20    God:
Gold:   88         SH:  0    Dex: 15    Spells: 3 memorised, 3 levels left

rFire  . . .     SeeInvis .     w - -3 dagger (curse)
rCold  . . .     Clarity  .     a - +0 robe
rNeg   . . .     SustAb   .     (no shield)
rPois  .         Gourm    .     (no helmet)
rElec  .         Spirit   .     d - +1 cloak
rCorr  .         Warding  .     (no gloves)
rMut   .         Stasis   .     (no boots)
MR     .....                    (no amulet)
Stlth  ++........               (no ring)
                                (no ring)

@: lethally poisoned (-4 -> -19), not resistant to hostile enchantments,
unstealthy
A: no striking features
a: no special abilities


You were on level 3 of the Dungeon.
You were not hungry.

You visited 1 branch of the dungeon, and saw 3 of its levels.

You collected 88 gold pieces.

Inventory:

Hand weapons
 g - a +0 club
 l - a +0 short sword
 w - a cursed -3 dagger (weapon)
Armour
 a - a +0 robe (worn)
 d - a +1 cloak (worn)
 n - a +0 leather armour
Scrolls
 h - 3 scrolls of identify
 j - a scroll of recharging
Potions
 i - a potion of resistance {unknown}
 k - 2 potions of ambrosia {unknown}
 m - a potion of heal wounds {unknown}
 p - a potion of agility {unknown}
 s - 2 potions of cure mutation {unknown}
Books
 c - a book of Conjurations

   Spells                             Type                      Level
   a - Magic Dart                     Conjuration                  1
   b - Searing Ray                    Conjuration                  2
   c - Dazzling Spray                 Conjuration/Hexes            3
   d - Fulminant Prism                Conjuration/Hexes            4
   e - Iskenderun's Mystic Blast      Conjuration                  4
   f - Iskenderun's Battlesphere      Conjuration/Charms           5
 v - a book of Summonings

   Spells                             Type                      Level
   a - Abjuration                     Summoning                    3
   b - Recall                         Summoning/Translocation      3
   c - Shadow Creatures               Summoning                    5
   d - Summon Demon                   Summoning                    5
   e - Summon Forest                  Summoning/Translocation      5
   f - Monstrous Menagerie            Summoning                    6
Comestibles
 b - a bread ration
 f - 3 slices of pizza
 q - 4 fruits
 t - a meat ration


   Skills:
 + Level 0.2 Fighting
 + Level 0.1 Maces & Flails
 + Level 2.6 Dodging
 + Level 3.0 Stealth
 + Level 3.2 Spellcasting
 + Level 5.5 Conjurations


You had 3 spell levels left.
You knew the following spells:

 Your Spells              Type           Power        Failure   Level  Hunger
a - Magic Dart            Conj           ####         1%          1    None
b - Searing Ray           Conj           ####..       2%          2    ##.....
c - Dazzling Spray        Conj/Hex       ##......     14%         3    ###....


Dungeon Overview and Level Annotations

Branches:
Dungeon (3/15)

Altars:


Message History

You feel sick.
The kobold shoots a poisoned needle.
The poisoned needle misses you.
You feel sick.
The kobold shoots a poisoned needle.
The poisoned needle barely misses you. The adder misses you.
You feel sick.
The kobold shoots a poisoned needle.
The poisoned needle hits you!
You are lethally poisoned!
You see here a poisoned needle.
You feel sick.
You feel sick.
You feel sick. The adder bites you.
* * * LOW HITPOINT WARNING * * *
The adder barely misses you.
There is a stone staircase leading up here.
You can't go down here!
* * * LOW HITPOINT WARNING * * *
You feel sick. The adder bites you.
* * * LOW HITPOINT WARNING * * *
The orc hits you with a mace!
You die...

...# #...............
...#####....>....<.....
.....†##...............
..###..#.....K.....<$...
..# ##.....(...†.#..#
.... ##.(...)o(.....#
.###[
#..(...(..(##.##### ..
...........S........[ ..
##.........o@##.##### .#
#............# .#
....######..... . ......
###..... .... ##.....
.#.$ .. .


You could see an adder, 2 orcs and a kobold.

Vanquished Creatures
  An orc priest (D:3)
  2 adders (D:2)
  A worm (D:2)
  A giant gecko (D:1)
  2 oozes (D:2)
  4 giant cockroaches
  8 goblins
  5 hobgoblins
  A quokka (D:2)
  3 ball pythons
  9 bats
  A giant newt (D:1)
  4 kobolds
  7 rats
49 creatures vanquished.

Notes
Turn   | Place    | Note
--------------------------------------------------------------
     0 | D:1      | Merido, the High Elf Conjurer, began the quest for the Orb.
     0 | D:1      | Reached XP level 1. HP: 11/11 MP: 4/4
   300 | D:1      | Reached XP level 2. HP: 17/17 MP: 3/6
   473 | D:1      | Reached skill level 5 in Conjurations
   782 | D:2      | shhh
   785 | D:2      | Learned a level 2 spell: Searing Ray
   903 | D:2      | Reached XP level 3. HP: 21/21 MP: 8/8
  1357 | D:2      | Learned a level 3 spell: Dazzling Spray
  1663 | D:2      | Reached XP level 4. HP: 25/27 MP: 10/12
  1886 | D:3      | Slain by an orc

Action                   |  1- 3 |  4- 6 || total
-------------------------+-------+-------++-------
Melee: Club              |    13 |       ||    13
       Short sword       |    14 |     3 ||    17
       Dagger            |       |     2 ||     2
 Cast: Magic Dart        |    65 |    17 ||    82
       Searing Ray       |     3 |       ||     3
       Dazzling Spray    |     1 |     2 ||     3
  Use: Scroll            |     2 |     3 ||     5
       Potion            |       |     1 ||     1
 Stab: Sleeping          |     2 |     1 ||     3
  Eat: Chunk             |     2 |     1 ||     3
